 Dungeon Crawl Stone Soup version 0.30.0-29-ga12c61a403 (webtiles) character file.

Game seed: 6831225693489828415

9 hawla the Firebug (level 2, -1/33 HPs)
             Began as a Meteoran Fire Elementalist on June 4, 2023.
             Slain by Terence
             ... wielding a +0 short sword
              (5 damage)
             ... on level 2 of the Dungeon.
             The game lasted 00:01:26 (121 turns).

hawla the Firebug (Meteoran Fire Elementalist)       Turns: 121, Time: 00:01:27

Health: -1/33      AC: 21    Str:  9    XL:     2   Next: 41%
Magic:  2/6        EV:  2    Int: 16    God:
Gold:   32         SH:  0    Dex: 14    Spells: 5/6 levels left

rFire   . . .        f - +1 mace (protect)
rCold   . . .        (no shield)
rNeg    . . .        a - melded +0 robe
rPois   +            (helmet currently unavailable)
rElec   .            (cloak currently unavailable)
rCorr   .            (gloves currently unavailable)
SInv    .            e - melded +0 pair of boots
Will    .....        (no amulet)
Stlth   +            (no ring)
HPRegen 0.25/turn    (no ring)
MPRegen 0.10/turn

%: no passive effects
@: tree-form, glowing
A: stationary, stasis, torment immunity, boosted hp, sense surroundings 1,
otherworldly, glowing, explore regen
a: no special abilities


You were on level 2 of the Dungeon.
You were a tree.
You visited 1 branch of the dungeon, and saw 2 of its levels.

You collected 32 gold pieces.

Inventory:

Hand Weapons
 f - a +1 mace of protection (weapon)
Armour
 a - a +0 robe (melded)
 e - a +0 pair of boots (melded)
Potions
 b - a potion of magic


   Skills:
 + Level 0.3 Fighting
 + Level 0.2 Maces & Flails
 + Level 2.7 Dodging
 - Level 1.4 Stealth
 + Level 2.8 Spellcasting
 + Level 1.4 Conjurations
 + Level 3.9 Fire Magic


You had 5 spell levels left.
You knew the following spells:

 Your Spells              Type           Power      Damage    Failure   Level
a - Foxfire               Conj/Fire      40%        2x1d6     6%          1

Your spell library contained the following spells:

 Spells                   Type           Power      Damage    Failure   Level
 Scorch                   Fire           28%        2d6       6%          2
 Inner Flame              Hex/Fire       8%         N/A       26%         3
 Volatile Blastmotes      Fire/Tloc      16%        2d11      26%         3
 Flame Wave               Conj/Fire      10%        2d6       54%         4


Dungeon Overview and Level Annotations

Branches:
Dungeon (2/15) Zot: 1071

Altars:

Annotations:
D:2 Terence


Innate Abilities, Weirdness & Mutations

You are a tree.
Your roots penetrate the ground, keeping you stationary.
You cannot be teleported.
You are immune to unholy pain and torment.
Your maximum health is greatly increased.
Your equipment is partially melded.
You passively map a small area around you.
You are easily found by Zot.
You glow in the dark.
You regain HP and MP as you explore.


Message History

The quokka bites you but does no damage.
The adder bites you but does no damage. Terence hits you with a +0 short sword.
* * * LOW HITPOINT WARNING * * *
Casting: Foxfire (safe; 6% risk of failure)
Confirm with . or Enter, or press ? or * to list all spells.
You conjure some foxfire!
The adder bites you but does no damage.
The quokka bites you but does no damage.
The adder bites you but does no damage. x2
Terence hits you but does no damage.
You closely miss the adder.
The adder is moderately wounded.
The foxfire hits Terence.
Terence is lightly wounded.
The quokka bites you but does no damage.
The adder bites you but does no damage. x2; The quokka bites you.
* * * LOW HITPOINT WARNING * * *
Terence hits you but does no damage. The adder bites you but does no damage.
Casting: Foxfire (safe; 6% risk of failure)
Confirm with . or Enter, or press ? or * to list all spells.
You conjure some foxfire!
The adder bites you but does no damage.
The quokka bites you but does no damage.
Terence hits you but does no damage. The adder barely misses you.
The adder bites you but does no damage.
You closely miss the adder.
The adder is moderately wounded.
The foxfire hits Terence.
Terence is moderately wounded.
The quokka bites you but does no damage.
The adder barely misses you. The adder bites you but does no damage.
Terence hits you but does no damage.
The quokka bites you but does no damage.
The adder barely misses you. The adder bites you but does no damage.
You barely miss Terence. You punch Terence, but do no damage.
Terence is moderately wounded.
Terence hits you but does no damage.
The quokka bites you but does no damage.
The adder bites you but does no damage. x2
The quokka bites you but does no damage.
Terence hits you with a +0 short sword.
You die...

, * ,, * *
* * * , ,
, , ## * *
* .### , ,
##...####,
*
#.@......,
, ,
#♣S......#
#rS......#
* ,
#S.......#
#..$.....#
#........#
#.†.!....#
#........#
#........#
#.......[#


You could see Terence, 2 adders, a quokka and a ball python.

Vanquished Creatures
  An adder (D:2)
  A frilled lizard (D:2)
2 creatures vanquished.

Vanquished Creatures (others)
  7 foxfires (D:2)
7 creatures vanquished.

Grand Total: 9 creatures vanquished

Notes
Turn   | Place    | Note
-------+----------+-------------------------------------------
     0 | D:1      | hawla the Meteoran Fire Elementalist began the quest for
                  | the Orb.
     0 | D:1      | Reached XP level 1. HP: 14/14 MP: 5/5
    88 | D:2      | Noticed Terence
   113 | D:2      | Reached XP level 2. HP: 6/22 MP: 4/6
   121 | D:2      | Slain by Terence

Illustrated notes

Levels and vault maps discovered:
D:1:      dpeg_arrival_snail, layout_rooms, serial_shops, shop, minivault_14,
          minmay_misc_feat_iff, minmay_pentomino_p4
D:2:      layout_rooms, uniq_terence

Action                     || total
---------------------------++-------
  Melee: Mace              ||    18
         Punch             ||     2
   Cast: Foxfire           ||     5
    Use: Potion            ||     2
 Armour: Skin              ||   103
         Robe              ||    21
  Dodge: Dodged            ||    21
